 Dungeon Crawl Stone Soup version bcrawl-1.33-1-ga1336d5a09 (webtiles) character file.

Game seed: 197004408450371493

349167 comex the Fighter (level 10, -1/92 HPs)
             Began as a Minotaur Fighter on Aug 12, 2021.
             Was an Elder of Lugonu.
             Slain by a wolf (7 damage)
             ... led by Grum
             ... on level 8 of the Dungeon.
             The game lasted 01:10:41 (7016 turns).

comex the Fighter (Minotaur Fighter)                Turns: 7016, Time: 01:10:42

Health: -1/92      AC: 20    Str: 23    XL:     10   Next: 26%
Magic:  9/9        EV:  7    Int: 12    God:    Lugonu [****..]
Gold:   213        SH: 12    Dex: 11    Spells: 9/9 levels left

rFire    . . .     SeeInvis .   D - +1 mace (protect)
rCold    . . .     Gourm    .   r - +0 medium shield
rNeg     . . .     Faith    .   b - +0 scale mail
rPois    .         Spirit   .   (helmet restricted)
rElec    .         Reflect  .   (no cloak)
rCorr    .         Harm     .   j - +0 pair of gloves
MR       .....                  p - +2 pair of boots
Stlth    ..........             (no amulet)
HPRegen  0.25/turn              o - +7 ring of intelligence
MPRegen  0.11/turn              (no ring)

@: about to teleport, protection aura
A: retaliatory headbutt, horns 2
a: Depart the Abyss, Bend Space, Banish, Corrupt, Renounce Religion


You were on level 8 of the Dungeon.
You worshipped Lugonu.
Lugonu was greatly pleased with you.
You were hungry.

You visited 2 branches of the dungeon, and saw 9 of its levels.

You collected 403 gold pieces.
You spent 190 gold pieces at shops.

Inventory:

Hand Weapons
 a - a +0 long sword
 f - a +0 whip of freezing
 t - a +0 falchion of holy wrath
 u - a +2 great mace of protection
 x - a +4 quarterstaff of chaos
 A - a +5 short sword
 B - a +2 vampiric dagger
 D - a +1 mace of protection (weapon)
 H - a +0 dagger of chaos
 I - a +0 hunting sling
 V - a +1 vampiric long sword
Missiles
 s - 1356 stones
 C - 130 poisoned needles
 J - 212 sling bullets
 T - 601 poisoned tomahawks (quivered)
Armour
 b - a +0 scale mail (worn)
 c - a +0 medium shield
 j - a +0 pair of gloves (worn)
 k - a +2 leather armour of cold resistance
 p - a +2 pair of boots (worn)
 r - a +0 medium shield (worn)
 v - a +0 chain mail of fire resistance
 w - a +0 cloak
 y - a +0 helmet
Jewellery
 o - a +7 ring of intelligence (left hand)
Wands
 F - a wand of enslavement (12)
 G - a wand of polymorph (10)
 L - a wand of random effects (10)
 R - a wand of flame (14)
 X - a wand of disintegration (14)
 Y - a wand of clouds (7)
Scrolls
 i - 2 scrolls of identify
 m - 4 scrolls of remove curse
 n - a scroll of enchant weapon {unknown}
 M - 3 scrolls of enchant armour {unknown}
 N - a scroll of immolation {unknown}
 P - a scroll of torment {unknown}
 S - a scroll of blinking {unknown}
 W - a scroll of fog {unknown}
Potions
 d - a potion of might
 g - 2 potions of berserk rage
 l - 2 potions of agility {unknown}
 q - 2 potions of degeneration
 z - a potion of lignification {unknown}
Comestibles
 e - 4 rations {!d}
 h - 5 chunks of flesh


   Skills:
 + Level 9.7 Fighting
 * Level 1.0(3.1) Short Blades
 - Level 5.1(5.2) Long Blades
 - Level 8.0 Maces & Flails
 + Level 9.7 Armour
 + Level 9.6 Shields


You had 9 spell levels left.
You didn't know any spells.
Your spell library was empty.

Dungeon Overview and Level Annotations

Branches:
Dungeon (8/12)             Temple (1/1) D:6
   Lair: D:7-9          Orc: D:8-11

Altars:
Ashenzari
Cheibriados
Elyvilon
Fedhas
Gozag
Hepliaklqana
Kikubaaqudgha
Lugonu
Makhleb
Nemelex Xobeh
Okawaru
Qazlal
Ru
Sif Muna
Trog
Uskayaw
Vehumet
Wu Jian
Xom
Yredelemnul
Zin
The Shining One

Shops:
D:4 ([   D:6 (

Annotations:
D:8 Grum


Innate Abilities, Weirdness & Mutations

You reflexively headbutt those who attack you in melee.
You have a pair of horns on your head.


Message History

As you read the scroll of teleportation, it crumbles to dust.
You feel strangely unstable. The wolf bites you!
* * * LOW HITPOINT WARNING * * *
The wolf bites you but does no damage. The gnoll closely misses you.
The wolf bites you but does no damage. Grum hits you but does no damage.
You block the warg's attack. The wolf bites you.
* * * LOW HITPOINT WARNING * * *
You hit the warg. Your headbutt misses the warg.
The warg is lightly wounded.
You block the wolf's attack. You block the gnoll's attack.
The wolf bites you but does no damage. The warg bites you but does no damage.
The wolf bites you but does no damage. Grum hits you but does no damage.
You hit the warg but do no damage. You headbutt the warg.
The warg is lightly wounded.
The wolf bites you but does no damage. The wolf bites you.
* * * LOW HITPOINT WARNING * * *
The warg bites you!
* * * LOW HITPOINT WARNING * * *
You block the gnoll's attack. The wolf bites you!
You die...

...... ....
....#'######....
..............#
..............#
..............#
..............#
.......gg.....#
....####h#...... ##
#..h@#...... #...h#
..... #....# .....
#....## #### #.
#####.....# '.
#..##....## ##.
#####..##....##
.#.##..##.........#
.+................#


You could see Grum, a warg, 2 wolves and a gnoll.

Vanquished Creatures
  Pikel (D:5)
  A cyclops (D:8)
  3 trolls
  A hippogriff (D:8)
  Prince Ribbit (D:7)
  3 ice beasts
  A black bear (D:8)
  An orc warrior (D:6)
  5 sky beasts
  A necrophage (D:8)
  A phantom (D:5)
  2 wolves (D:8)
  2 centaurs
  An ogre (D:5)
  3 big kobolds
  A gnoll sergeant (D:8)
  2 scorpions
  A water moccasin skeleton (D:4)
  3 howler monkeys
  2 crimson imps
  A hound (D:8)
  A jelly (D:3)
  2 orc priests
  Crazy Yiuf (D:2)
  A gnoll shaman (D:8)
  A centaur skeleton (D:4)
  Jessica (D:3)
  Ijyb (D:4)
  4 iguanas
  3 orc wizards
  5 worker ants
  Natasha (D:3)
  A hound zombie (D:7)
  A hound skeleton (D:8)
  10 gnolls
  8 adders
  3 shadow imps
  An ooze (D:3)
  An adder skeleton (D:6)
  3 adder zombies (D:6)
  4 worms
  2 dart slugs
  6 leopard geckos
  16 orcs
  A ball python (D:3)
  2 giant cockroaches
  4 goblins
  7 hobgoblins
  4 jackals
  4 quokkas
  4 bats
  A frilled lizard (D:1)
  A jackal skeleton (D:6)
  15 kobolds
  4 rats
  3 plants (D:3)
164 creatures vanquished.

Vanquished Creatures (others)
  2 plants (D:5)
2 creatures vanquished.

Grand Total: 166 creatures vanquished

Notes
Turn   | Place    | Note
-------+----------+-------------------------------------------
     0 | D:1      | comex the Minotaur Fighter began the quest for the Orb.
     0 | D:1      | Reached XP level 1. HP: 19/19 MP: 0/0
   121 | D:1      | Reached XP level 2. HP: 27/27 MP: 1/1
   547 | D:2      | Found a corrupted altar of Lugonu.
   558 | D:2      | Became a worshipper of Lugonu the Unformed
   587 | D:2      | Found a blossoming altar of Fedhas.
   923 | D:2      | Reached XP level 3. HP: 33/33 MP: 2/2
  1038 | D:2      | Found a runed door.
  1042 | D:2      | Noticed Crazy Yiuf
  1047 | D:2      | Paralysed by Crazy Yiuf for 3 turns
  1051 | D:2      | Killed Crazy Yiuf
  1146 | D:3      | Noticed Natasha
  1152 | D:3      | Killed Natasha
  1153 | D:3      | Reached XP level 4. HP: 41/41 MP: 3/3
  1387 | D:3      | Reached XP level 5. HP: 42/47 MP: 4/4
  1539 | D:3      | Noticed a sky beast
  1558 | D:3      | Killed a sky beast
  1559 | D:3      | Reached skill level 5 in Fighting
  1559 | D:3      | Reached skill level 5 in Armour
  1559 | D:3      | Reached skill level 5 in Shields
  1631 | D:3      | Noticed Jessica
  1649 | D:3      | Killed Jessica
  1650 | D:3      | Reached XP level 6. HP: 53/56 MP: 5/5
  1961 | D:3      | Reached ** piety under Lugonu
  2118 | D:4      | Noticed Ijyb
  2119 | D:4      | Found a shimmering blue altar of Sif Muna.
  2131 | D:4      | Killed Ijyb
  2182 | D:4      | Reached skill level 1 in Maces & Flails
  2240 | D:4      | Found a hazy altar of Hepliaklqana.
  2249 | D:4      | Reached XP level 7. HP: 60/61 MP: 6/6
  2313 | D:4      | Noticed a hungry ghost
  2333 | D:4      | Found a shattered altar of Ashenzari.
  2389 | D:4      | Reached skill level 5 in Long Blades
  2445 | D:4      | Found an ornate altar of the Wu Jian Council.
  2587 | D:4      | Found Nunn's Weapon Emporium.
  2618 | D:4      | Found Nunoxeoc's Antique Armour Shoppe.
  2810 | D:5      | Entered Level 5 of the Dungeon
  3090 | D:5      | Found a hide-covered altar of Uskayaw.
  3229 | D:5      | Reached XP level 8. HP: 70/71 MP: 7/7
  3346 | D:5      | Found a white marble altar of Elyvilon.
  3361 | D:5      | Noticed Pikel
  3383 | D:5      | Killed Pikel
  3646 | D:5      | Found a stormy altar of Qazlal.
  3728 | D:6      | Found an ancient bone altar of Kikubaaqudgha.
  3761 | D:6      | Found Jutaum Letu's Antique Weapon Boutique.
  3834 | D:6      | Bought a glowing great mace for 190 gold pieces
  3897 | D:6      | Reached skill level 5 in Maces & Flails
  4127 | D:6      | Reached *** piety under Lugonu
  4187 | D:6      | Found a staircase to the Ecumenical Temple.
  4215 | D:6      | Reached XP level 9. HP: 76/81 MP: 8/8
  4238 | Temple   | Entered the Ecumenical Temple
  4438 | D:6      | Found a glowing silver altar of Zin.
  4477 | D:6      | Found an opulent altar of Gozag.
  4572 | D:6      | Found a white marble altar of Elyvilon.
  4637 | D:6      | Found a basalt altar of Yredelemnul.
  4781 | D:7      | Found a bloodstained altar of Trog.
  5204 | D:7      | Noticed a troll
  5237 | D:7      | Killed a troll
  5739 | D:7      | Noticed Prince Ribbit
  5756 | D:7      | Killed Prince Ribbit
  6028 | D:8      | Found a sacrificial altar of Ru.
  6105 | D:8      | Noticed a cyclops
  6112 | D:8      | Reached **** piety under Lugonu
  6122 | D:8      | Killed a cyclops
  6255 | D:8      | Noticed a troll
  6445 | D:8      | Received a gift from Lugonu
  6470 | D:8      | Reached XP level 10. HP: 91/91 MP: 9/9
  6993 | D:8      | Noticed Grum
  7014 | D:8      | Reached skill level 1 in Short Blades
  7016 | D:8      | Slain by a wolf

Skill      XL: |  1  2  3  4  5  6  7  8  9 10 |
---------------+-------------------------------+-----
Fighting       | 4 5 6 7 9 |  9.7
Armour         | 4 5 6 7 9 |  9.7
Shields        | 4 5 6 7 9 |  9.6
Long Blades    | 3 4 5 |  5.1
Maces & Flails | 1 3 5 7 8 |  8.0
Short Blades   | 1 |  1.0

Action                   |  1- 3 |  4- 6 |  7- 9 | 10-12 || total
-------------------------+-------+-------+-------+-------++-------
Melee: Long sword        |    73 |   151 |   139 |       ||   363
       Headbutt          |    12 |    46 |    79 |    20 ||   157
       Unarmed           |       |     5 |       |       ||     5
       Mace              |       |       |   270 |    98 ||   368
Evoke: Wand              |       |       |     1 |       ||     1
  Use: Scroll            |     2 |     2 |     8 |     1 ||    13
       Potion            |     1 |       |     5 |     1 ||     7
  Eat: Ration            |     1 |       |     3 |       ||     4
       Chunk             |       |     8 |    19 |     5 ||    32
Armor: Scale mail        |    28 |    35 |   246 |    84 ||   393
Dodge: Dodged            |     7 |    21 |    97 |    28 ||   153
Block: Medium shield     |    36 |    44 |   288 |    88 ||   456
